Phantoms vs Senators
Created - March 23, 2023 at 19:09
Goals
|
| Phantoms |
2 |
3 |
2 |
7 |
| Senators |
2 |
2 |
2 |
6 |
|
Shots
|
| Phantoms |
12 |
16 |
14 |
42 |
| Senators |
10 |
12 |
9 |
31 |
|
1st period
1. Phantoms , Sven Andrighetto 20 (Joe Snively 28, Brenden Kichton 5) at 6:55
2. Senators , Oliver Bjorkstrand 22 (Zachary Sanford 47, Christoph Bertschy 47) at 10:47
3. Phantoms , Sven Andrighetto 21 (Joe Snively 29, Blake Heinrich 15) at 11:17
4. Senators , Grant Besse 11 (Zemgus Girgensons 14, Jacob De La Rose 26) at 12:20
Penalties :
Cal Foote (Leh) for Hooking (Minor) at 2:56, Christoph Bertschy (Bel) for Hooking (Minor) at 12:25
2nd period
5. Senators , Christoph Bertschy 30 (Zachary Sanford 48) at 0:24
6. Senators , Keegan Lowe 2 (C.J Suess 14, Oliver Bjorkstrand 30) at 4:35
7. Phantoms , Joe Snively 18 (Sven Andrighetto 21, Morgan Klimchuk 26) at 5:37
8. Phantoms , Nick Sorensen 6 (Blake Heinrich 16, Devon Teows 10) at 6:32
9. Phantoms , David Kampf 4 (Nick Sorensen 9, Ivan Provorov 4) at 19:15
Penalties :
Kevin Rooney (Bel) for Holding (Minor) at 1:26, Zachary Sanford (Bel) for Roughing (Minor) at 6:37, Nick Shore (Leh) for Hooking (Minor) at 11:38, Jordan Schmaltz (Bel) for High sticking (Minor) at 15:31, Joe Snively (Leh) for Roughing (Minor) at 16:39
3rd period
10. Senators , Zachary Sanford 45 (Dmitry Sinitsyn 21, Christoph Bertschy 48) at 1:22
11. Phantoms , Blake Heinrich 4 (Devon Teows 11, David Kampf 7) at 14:30
12. Senators , Christoph Bertschy 31 (Zachary Sanford 49, Oliver Bjorkstrand 31) at 15:17
13. Phantoms , Nick Shore 23 (Michael Bournival 30) at 16:07 (PP)
Penalties :
Joe Snively (Leh) for Hooking (Minor) at 4:30, C.J Suess (Bel) for Hooking (Minor) at 8:00, Dmitry Sinitsyn (Bel) for Hooking (Minor) at 16:03, Zachary Sanford (Bel) for Slashing (Minor) at 17:33
Goalie Stats
Anton Forsberg (Leh), 11 saves from 15 shots - (0.733), 24:35 minutes
Zachary Fucale (Leh), 14 saves from 16 shots - (0.875), W, 5-7-1, 35:25 minutes
Garret Sparks (Bel), 35 saves from 42 shots - (0.833), L, 20-17-6, 60:00 minutes
Players Stats for Phantoms
Player Name G A P +/- PIM S H SB GA TA FO MP PP MP PK MP
------------------------------------------------------------------------------------
A.J. Greer 0 0 0 0 0 0 1 0 0 0 1/1 2:04 0:00 2:00
Alex DeBrincat 0 0 0 -2 0 6 2 0 2 0 1/3 23:44 6:44 3:28
Anthony Angello 0 0 0 0 0 0 0 0 0 0 0/0 1:52 0:08 0:29
Blake Heinrich 1 2 3 1 0 1 2 1 0 0 0/0 19:48 5:02 4:01
Brendan Leipsic 0 0 0 1 0 1 0 0 1 0 0/0 7:31 0:00 0:57
Brenden Kichton 0 1 1 2 0 1 0 0 0 0 0/0 9:44 0:00 0:29
Brett Murray 0 0 0 0 0 0 0 0 0 0 0/0 0:00 0:00 0:00
Cal Foote 0 0 0 -1 2 0 0 0 0 0 0/0 3:58 0:00 0:00
Cristoval Nieves 0 0 0 -1 0 3 0 1 0 0 4/9 9:06 0:00 0:00
David Kampf 1 1 2 1 0 3 0 1 0 0 0/6 6:34 0:00 0:00
Devon Teows 0 2 2 1 0 3 2 3 0 0 0/0 19:09 5:02 3:32
Erik Nystrom 0 0 0 -1 0 1 0 0 0 1 0/1 9:06 0:00 0:00
Ivan Provorov 0 1 1 -2 0 2 4 1 0 0 0/0 27:18 6:05 3:04
JC Lipon 0 0 0 1 0 0 0 0 1 0 0/0 7:53 0:08 0:00
Joe Snively 1 2 3 2 4 1 1 1 0 0 6/15 15:05 4:12 0:00
Laurent Dauphin 0 0 0 0 0 0 0 0 0 0 0/0 1:23 0:10 0:00
Michael Bournival 0 1 1 -2 0 4 4 0 0 1 2/4 23:47 6:46 3:27
Mikko Lehtonen 0 0 0 -1 0 0 0 0 0 0 0/0 3:49 0:00 0:00
Morgan Klimchuk 0 1 1 2 0 4 2 0 0 0 0/1 15:01 4:13 0:00
Nick Shore 1 0 1 -2 2 4 1 1 0 0 14/29 21:56 6:46 1:38
Nick Sorensen 1 1 2 -1 0 1 0 0 0 0 0/0 9:06 0:00 0:00
Reid McNeill 0 0 0 -2 0 4 0 0 0 2 0/0 27:18 6:05 3:04
Rinat Valiev 0 0 0 2 0 0 0 0 0 0 0/0 9:05 0:00 0:00
Sven Andrighetto 2 1 3 2 0 3 2 0 0 0 0/1 17:43 4:13 2:11
Players Stats for Senators
Player Name G A P +/- PIM S H SB GA TA FO MP PP MP PK MP
------------------------------------------------------------------------------------
Arttu Ruotsalainen 0 0 0 -2 0 0 0 0 0 0 0/0 10:09 0:00 0:00
Brendan Perlini 0 0 0 -2 0 2 1 1 1 1 0/0 15:10 0:07 2:55
C.J Suess 0 1 1 0 2 0 1 0 1 0 0/0 5:46 0:04 0:26
Christoph Bertschy 2 2 4 3 2 4 1 0 0 1 23/41 24:59 3:33 6:14
Dmitry Sinitsyn 0 1 1 0 2 1 0 3 0 1 0/0 31:02 4:09 7:32
Grant Besse 1 0 1 -1 0 5 0 0 0 0 0/0 14:39 3:26 0:00
Gustav Forsling 0 0 0 -1 0 0 0 0 0 0 0/0 1:47 0:04 0:00
Jacob De La Rose 0 1 1 -1 0 1 0 2 0 0 10/14 20:28 3:28 5:14
Johan Larsson 0 0 0 0 0 0 0 0 0 0 0/0 0:00 0:00 0:00
Jonas Siegenthaler 0 0 0 0 0 0 0 0 0 0 0/0 9:49 0:00 0:00
Jordan Schmaltz 0 0 0 1 2 1 2 3 0 0 0/0 27:50 3:56 6:50
Keegan Lowe 1 0 1 0 0 2 1 1 0 0 0/0 19:04 2:56 3:31
Kevin Rooney 0 0 0 -2 2 3 2 0 0 0 5/10 11:18 0:00 1:09
Mason Geertsen 0 0 0 0 0 1 1 0 0 0 0/0 11:45 0:15 0:50
Michael McCarron 0 0 0 0 0 0 1 0 0 0 1/2 6:01 0:00 0:07
Nikita Nesterov 0 0 0 0 0 0 2 0 0 0 0/0 19:04 2:56 3:31
Oliver Bjorkstrand 1 2 3 3 0 3 3 0 0 0 1/1 20:49 3:32 0:00
Vitaly Abramov 0 0 0 0 0 0 0 0 0 0 0/0 0:00 0:00 0:00
Zachary Sanford 1 3 4 3 4 6 1 0 0 1 1/1 22:08 3:33 4:19
Zemgus Girgensons 0 1 1 -1 0 2 0 0 2 0 1/1 16:07 3:26 1:50
3 Stars
1 - Christoph Bertschy (Bel)
2 - Sven Andrighetto (Leh)
3 - Oliver Bjorkstrand (Bel)
Power Play
Phantoms - 1 on 7 Attempt(s) - 14.29%
Senators - 0 on 4 Attempt(s) - 0.00%
Penalty Kill
Phantoms - 4 on 4 Attempt(s) - 100.00%
- Score 0 goal in Penalty Kill
Senators - 6 on 7 Attempt(s) - 85.71%
- Score 0 goal in Penalty Kill
Team Stat
Phantoms - Hits : 21 - Faceoff Wins : 28 - Blocked Shots : 9 - Penalty Minutes : 8
Senators - Hits : 16 - Faceoff Wins : 42 - Blocked Shots : 10 - Penalty Minutes : 14
Official
Referees : Chris Schlenker and Garrett Rank
Linesman : Matt MacPherson and Ryan Gibbons
Game Notes
Zachary Fucale enters game at 4:35 of 2nd period
6:32 of 2nd period - Phantoms goal is going for a video replay. After video review, Goal.
Finance
Level 1 -- Attendance: 1826 (91.30%) -- Ticket Income $63,910
Level 2 -- Attendance: 902 (90.20%) -- Ticket Income $13,530
Total Attendance: 2728 (90.93%)
Total Ticket Income: $77,440
Other Income: $3,872
Total Income: $81,312
Phantoms
5 vs 5 Forward
Center Left Wing Right Wing Time % Phy DF OF
1 Nick Shore Michael Bournival Alex DeBrincat 40 1 2 2
2 Joe Snively Morgan Klimchuk Sven Andrighetto 30 1 2 2
3 Cristoval Nieves Erik Nystrom Nick Sorensen 20 1 2 2
4 David Kampf Brendan Leipsic JC Lipon 10 1 2 2
5 vs 5 Defense
Defense Defense Time % Phy DF OF
1 Ivan Provorov Reid McNeill 40 1 2 2
2 Blake Heinrich Devon Teows 30 1 2 2
3 Rinat Valiev Brenden Kichton 20 1 2 2
4 Cal Foote Mikko Lehtonen 10 1 2 2
PowerPlay Forward
Center Left Wing Right Wing Time % Phy DF OF
1 Nick Shore Michael Bournival Alex DeBrincat 60 1 2 2
2 Joe Snively Morgan Klimchuk Sven Andrighetto 40 1 2 2
PowerPlay Defense
Defense Defense Time % Phy DF OF
1 Ivan Provorov Reid McNeill 60 1 2 2
2 Blake Heinrich Devon Teows 40 1 2 2
Penalty Kill 4 Players Forward
Center Wing Time % Phy DF OF
1 Michael Bournival Alex DeBrincat 60 1 2 2
2 Sven Andrighetto Nick Shore 40 1 2 2
Penalty Kill 4 Players Defense
Defense Defense Time % Phy DF OF
1 Ivan Provorov Reid McNeill 60 1 2 2
2 Blake Heinrich Devon Teows 40 1 2 2
Penalty Kill - 3 Players Forward
Forward Time % Phy DF OF
1 Michael Bournival 60 1 2 2
2 Alex DeBrincat 40 1 2 2
Penalty Kill - 3 Players Defense
Defense Defense Time % Phy DF OF
1 Ivan Provorov Reid McNeill 60 1 2 2
2 Blake Heinrich Devon Teows 40 1 2 2
4 vs 4 Forward
Center Wing Time % Phy DF OF
1 Michael Bournival Alex DeBrincat 60 1 2 2
2 Sven Andrighetto Nick Shore 40 1 2 2
4 vs 4 Defense
Defense Defense Time % Phy DF OF
1 Ivan Provorov Reid McNeill 60 1 2 2
2 Blake Heinrich Devon Teows 40 1 2 2
Last Minutes Offensive
Center Left Wing Right Wing Defense Defense
Nick Shore Michael Bournival Alex DeBrincat Ivan Provorov Reid McNeill
Last Minutes Defensive
Center Left Wing Right Wing Defense Defense
Nick Shore Michael Bournival Alex DeBrincat Ivan Provorov Reid McNeill
Goaltenders
Starting : Anton Forsberg
Backup : Zachary Fucale
Extra Forwards
Normal : Laurent Dauphin, Anthony Angello, A.J. Greer - PP : Laurent Dauphin, Anthony Angello - PK : A.J. Greer
Extra Defensemen
Normal : Rinat Valiev, Brenden Kichton, Cal Foote - PP : Rinat Valiev - PK : Brenden Kichton, Cal Foote
Penalty Shots
Michael Bournival, Alex DeBrincat, Sven Andrighetto, Nick Shore, Joe Snively
Scratches
Cooper Marody (Healthy), Lucas Wallmarkk (Bruised Left Foot Injury), Victor Berglund (Healthy), Fabian Zetterlund (Healthy), Matt Kiersted (Healthy)
Riley Stillman (Healthy), Jason Kasdorf (Healthy), Zachary Sawchenko (Healthy)
Senators
5 vs 5 Forward
Center Left Wing Right Wing Time % Phy DF OF
1 Christoph Bertschy Zachary Sanford Oliver Bjorkstrand 40 1 2 2
2 Jacob De La Rose Zemgus Girgensons Grant Besse 30 1 2 2
3 Kevin Rooney Brendan Perlini Arttu Ruotsalainen 20 1 2 2
4 Michael McCarron C.J Suess Oliver Bjorkstrand 10 1 2 2
5 vs 5 Defense
Defense Defense Time % Phy DF OF
1 Dmitry Sinitsyn Jordan Schmaltz 40 1 2 2
2 Keegan Lowe Nikita Nesterov 30 1 2 2
3 Mason Geertsen Jonas Siegenthaler 20 1 2 2
4 Gustav Forsling Dmitry Sinitsyn 10 1 2 2
PowerPlay Forward
Center Left Wing Right Wing Time % Phy DF OF
1 Christoph Bertschy Zachary Sanford Oliver Bjorkstrand 60 1 1 3
2 Jacob De La Rose Zemgus Girgensons Grant Besse 40 1 1 3
PowerPlay Defense
Defense Defense Time % Phy DF OF
1 Dmitry Sinitsyn Jordan Schmaltz 60 1 1 3
2 Keegan Lowe Nikita Nesterov 40 1 1 3
Penalty Kill 4 Players Forward
Center Wing Time % Phy DF OF
1 Christoph Bertschy Zachary Sanford 60 1 2 2
2 Jacob De La Rose Zemgus Girgensons 40 1 2 2
Penalty Kill 4 Players Defense
Defense Defense Time % Phy DF OF
1 Dmitry Sinitsyn Jordan Schmaltz 60 1 2 2
2 Keegan Lowe Nikita Nesterov 40 1 2 2
Penalty Kill - 3 Players Forward
Forward Time % Phy DF OF
1 Christoph Bertschy 60 1 2 2
2 Jacob De La Rose 40 1 2 2
Penalty Kill - 3 Players Defense
Defense Defense Time % Phy DF OF
1 Dmitry Sinitsyn Jordan Schmaltz 60 1 2 2
2 Keegan Lowe Nikita Nesterov 40 1 2 2
4 vs 4 Forward
Center Wing Time % Phy DF OF
1 Christoph Bertschy Zachary Sanford 60 1 2 2
2 Jacob De La Rose Zemgus Girgensons 40 1 2 2
4 vs 4 Defense
Defense Defense Time % Phy DF OF
1 Dmitry Sinitsyn Jordan Schmaltz 60 1 2 2
2 Keegan Lowe Nikita Nesterov 40 1 2 2
Last Minutes Offensive
Center Left Wing Right Wing Defense Defense
Christoph Bertschy Zachary Sanford Oliver Bjorkstrand Dmitry Sinitsyn Jordan Schmaltz
Last Minutes Defensive
Center Left Wing Right Wing Defense Defense
Christoph Bertschy Zachary Sanford Oliver Bjorkstrand Dmitry Sinitsyn Jordan Schmaltz
Goaltenders
Starting : Garret Sparks
Backup : David Rittich
Extra Forwards
Normal : Jacob De La Rose, Brendan Perlini, C.J Suess - PP : Jacob De La Rose, Brendan Perlini - PK : Jacob De La Rose
Extra Defensemen
Normal : Mason Geertsen, Jonas Siegenthaler, Gustav Forsling - PP : Mason Geertsen - PK : Mason Geertsen, Jonas Siegenthaler
Penalty Shots
Zachary Sanford, Zemgus Girgensons, Oliver Bjorkstrand, Christoph Bertschy, Jacob De La Rose
Scratches
David Kase (Healthy), Joonas Lyytinen (Healthy), Tyler Pitlick (Sprained Left Knee Injury), Cliff Pu (Healthy), Michael Pezzetta (Healthy)
Bryce Kindopp (Healthy), Olle Eriksson Ek (Healthy), Scott Wedgewood (Healthy)
% Time on Ice - Phantoms
Lines # - Real PCT - Wanted PCT - Time Play
Normal Forward
1 - 35% - 40% - 14:12
2 - 27% - 30% - 11:00
3 - 22% - 20% - 9:06
4 - 16% - 10% - 6:34
Normal Defense
1 - 43% - 40% - 17:24
2 - 26% - 30% - 10:34
3 - 22% - 20% - 9:05
4 - 9% - 10% - 3:49
PP Forward
1 - 62% - 60% - 6:54
2 - 38% - 40% - 4:13
PP Defense
1 - 55% - 60% - 6:05
2 - 45% - 40% - 5:02
PK Forward
1 - 69% - 60% - 4:54
2 - 31% - 40% - 2:11
PK Defense
1 - 50% - 60% - 3:33
2 - 50% - 40% - 3:32
PK3 Forward
1 - 0% - 60%
2 - 0% - 40%
PK3 Defense
1 - 0% - 60%
2 - 0% - 40%
44 Forward
1 - 63% - 60% - 0:32
2 - 37% - 40% - 0:19
44 Defense
1 - 98% - 60% - 0:50
2 - 2% - 40% - 0:01
Last Minute Offensive - 0:00
Last Minute Defensive - 0:05
Total
Forward - 60:00
Defense - 60:00
|
% Time on Ice - Senators
Lines # - Real PCT - Wanted PCT - Time Play
Normal Forward
1 - 37% - 40% - 15:09
2 - 27% - 30% - 10:51
3 - 25% - 20% - 10:09
4 - 12% - 10% - 4:43
Normal Defense
1 - 42% - 40% - 17:00
2 - 31% - 30% - 12:37
3 - 24% - 20% - 9:49
4 - 4% - 10% - 1:26
PP Forward
1 - 52% - 60% - 3:39
2 - 48% - 40% - 3:26
PP Defense
1 - 59% - 60% - 4:09
2 - 41% - 40% - 2:56
PK Forward
1 - 84% - 60% - 9:17
2 - 16% - 40% - 1:50
PK Defense
1 - 68% - 60% - 7:36
2 - 32% - 40% - 3:31
PK3 Forward
1 - 0% - 60%
2 - 0% - 40%
PK3 Defense
1 - 0% - 60%
2 - 0% - 40%
44 Forward
1 - 100% - 60% - 0:51
2 - 0% - 40% - 0:00
44 Defense
1 - 100% - 60% - 0:51
2 - 0% - 40% - 0:00
Last Minute Offensive - 0:05
Last Minute Defensive - 0:00
Total
Forward - 60:00
Defense - 60:00
|
Play-by-Play
1st period
0:01 of 1st period - Christoph Bertschy wins face-off versus Nick Shore in neutral zone.
0:06 of 1st period - Ivan Provorov is hit by Oliver Bjorkstrand and loses puck.
0:49 of 1st period - Reid McNeill is hit by Nikita Nesterov and loses puck.
1:16 of 1st period - Reid McNeill is hit by Oliver Bjorkstrand and loses puck.
2:12 of 1st period - Keegan Lowe is hit by Morgan Klimchuk and loses puck.
2:56 of 1st period - Minor Penalty to Cal Foote for Hooking.
2:57 of 1st period - Michael Bournival wins face-off versus Christoph Bertschy in Phantoms zone.
3:02 of 1st period - Slapshot by Alex DeBrincat.
3:02 of 1st period - Stopped by Garret Sparks with a rebound.
3:04 of 1st period - Snap shot by Michael Bournival.
3:04 of 1st period - Shot Misses the Net.
3:10 of 1st period - Snap shot by Alex DeBrincat.
3:10 of 1st period - Stopped by Garret Sparks with a rebound.
3:12 of 1st period - Snap shot by Michael Bournival.
3:12 of 1st period - Shot Blocked by Jordan Schmaltz.
4:18 of 1st period - Jordan Schmaltz is hit by A.J. Greer and loses puck.
4:56 of 1st period - Penalty to Cal Foote is over, Cal Foote is back on ice.
5:05 of 1st period - Snap shot by Sven Andrighetto.
5:05 of 1st period - Stopped by Garret Sparks without a rebound.
5:06 of 1st period - Kevin Rooney wins face-off versus Cristoval Nieves in Senators zone.
5:11 of 1st period - Snap shot by Kevin Rooney.
5:11 of 1st period - Stopped by Anton Forsberg without a rebound.
5:12 of 1st period - Cristoval Nieves wins face-off versus Kevin Rooney in Phantoms zone.
5:12 of 1st period - Cristoval Nieves is hit by Mason Geertsen.
5:40 of 1st period - Snap shot by Oliver Bjorkstrand.
5:40 of 1st period - Stopped by Anton Forsberg with a rebound.
5:42 of 1st period - Snap shot by Christoph Bertschy.
5:42 of 1st period - Stopped by Anton Forsberg without a rebound.
5:43 of 1st period - Christoph Bertschy wins face-off versus Nick Shore in Phantoms zone.
5:56 of 1st period - Snap shot by Oliver Bjorkstrand.
5:56 of 1st period - Shot Misses the Net.
5:58 of 1st period - Slapshot by Christoph Bertschy.
5:58 of 1st period - Stopped by Anton Forsberg without a rebound.
5:59 of 1st period - Jacob De La Rose wins face-off versus Joe Snively in Phantoms zone.
6:08 of 1st period - Slapshot by Dmitry Sinitsyn.
6:08 of 1st period - Deflect By Grant Besse.
6:08 of 1st period - Stopped by Anton Forsberg without a rebound.
6:09 of 1st period - Jacob De La Rose wins face-off versus Joe Snively in Phantoms zone.
6:55 of 1st period - Snap shot by Sven Andrighetto.
6:55 of 1st period - Goal by Sven Andrighetto - Phantoms : 1 - Senators : 0.
6:56 of 1st period - Nick Shore wins face-off versus Christoph Bertschy in neutral zone.
7:01 of 1st period - Snap shot by Zachary Sanford.
7:01 of 1st period - Shot Blocked by Devon Teows.
7:25 of 1st period - Snap shot by Brendan Leipsic.
7:25 of 1st period - Deflect By David Kampf.
7:25 of 1st period - Shot Misses the Net.
7:25 of 1st period - Puck is out of play.
7:26 of 1st period - Jacob De La Rose wins face-off versus David Kampf in Senators zone.
7:55 of 1st period - Snap shot by Brendan Perlini.
7:55 of 1st period - Stopped by Anton Forsberg with a rebound.
8:39 of 1st period - Zemgus Girgensons is hit by Devon Teows and loses puck.
9:06 of 1st period - Alex DeBrincat is hit by Kevin Rooney and loses puck.
9:10 of 1st period - Icing by Brenden Kichton.
9:11 of 1st period - Kevin Rooney wins face-off versus Nick Shore in Phantoms zone.
9:12 of 1st period - Slapshot by Dmitry Sinitsyn.
9:12 of 1st period - Stopped by Anton Forsberg with a rebound.
9:18 of 1st period - Snap shot by Brendan Perlini.
9:18 of 1st period - Shot Misses the Net.
9:54 of 1st period - Slapshot by Alex DeBrincat.
9:54 of 1st period - Stopped by Garret Sparks with a rebound.
9:56 of 1st period - Snap shot by Rinat Valiev.
9:56 of 1st period - Deflect By Nick Shore.
9:56 of 1st period - Stopped by Garret Sparks with a rebound.
9:58 of 1st period - Slapshot by Nick Shore.
9:58 of 1st period - Shot Misses the Net.
10:00 of 1st period - Slapshot by Nick Shore.
10:00 of 1st period - Shot Blocked by Jordan Schmaltz.
10:02 of 1st period - Wrist shot by Michael Bournival.
10:02 of 1st period - Shot Blocked by Dmitry Sinitsyn.
10:04 of 1st period - Backhand shot by Michael Bournival.
10:04 of 1st period - Shot Misses the Net.
10:06 of 1st period - Wrist shot by Alex DeBrincat.
10:06 of 1st period - Deflect By Nick Shore.
10:06 of 1st period - Stopped by Garret Sparks with a rebound.
10:08 of 1st period - Slapshot by Brenden Kichton.
10:08 of 1st period - Deflect By Jordan Schmaltz.
10:08 of 1st period - Stopped by Garret Sparks without a rebound.
10:09 of 1st period - Christoph Bertschy wins face-off versus Joe Snively in Senators zone.
10:18 of 1st period - Snap shot by Zachary Sanford.
10:18 of 1st period - Stopped by Anton Forsberg without a rebound.
10:19 of 1st period - Joe Snively wins face-off versus Christoph Bertschy in Phantoms zone.
10:41 of 1st period - Slapshot by Zachary Sanford.
10:41 of 1st period - Shot Misses the Net.
10:47 of 1st period - Snap shot by Oliver Bjorkstrand.
10:47 of 1st period - Goal by Oliver Bjorkstrand - Phantoms : 1 - Senators : 1.
10:48 of 1st period - Nick Shore wins face-off versus Christoph Bertschy in neutral zone.
11:17 of 1st period - Snap shot by Sven Andrighetto.
11:17 of 1st period - Goal by Sven Andrighetto - Phantoms : 2 - Senators : 1.
11:18 of 1st period - Nick Shore wins face-off versus Christoph Bertschy in neutral zone.
12:05 of 1st period - Snap shot by Alex DeBrincat.
12:05 of 1st period - Shot Misses the Net.
12:07 of 1st period - Slapshot by Devon Teows.
12:07 of 1st period - Stopped by Garret Sparks without a rebound.
12:08 of 1st period - Zemgus Girgensons wins face-off versus Cristoval Nieves in Senators zone.
12:12 of 1st period - Off-side.
12:13 of 1st period - Jacob De La Rose wins face-off versus Cristoval Nieves in neutral zone.
12:20 of 1st period - Snap shot by Grant Besse.
12:20 of 1st period - Goal by Grant Besse - Phantoms : 2 - Senators : 2.
12:21 of 1st period - Joe Snively wins face-off versus Christoph Bertschy in neutral zone.
12:25 of 1st period - Minor Penalty to Christoph Bertschy for Hooking.
12:26 of 1st period - Jacob De La Rose wins face-off versus Nick Shore in Senators zone.
12:26 of 1st period - Jacob De La Rose is hit by Alex DeBrincat.
14:06 of 1st period - Ivan Provorov is hit by Jordan Schmaltz and loses puck.
14:25 of 1st period - Penalty to Christoph Bertschy is over, Christoph Bertschy is back on ice.
15:27 of 1st period - Blake Heinrich is hit by Michael McCarron and loses puck.
15:35 of 1st period - Off-side.
15:36 of 1st period - Jacob De La Rose wins face-off versus Joe Snively in neutral zone.
15:51 of 1st period - Zemgus Girgensons is hit by Sven Andrighetto and loses puck.
16:06 of 1st period - Oliver Bjorkstrand is hit by Ivan Provorov and loses puck.
16:11 of 1st period - Wrist shot by Cristoval Nieves.
16:11 of 1st period - Stopped by Garret Sparks with a rebound.
16:13 of 1st period - Slapshot by Ivan Provorov.
16:13 of 1st period - Deflect By Cristoval Nieves.
16:13 of 1st period - Shot Blocked by Dmitry Sinitsyn.
16:13 of 1st period - Puck is out of play.
16:14 of 1st period - Jacob De La Rose wins face-off versus Cristoval Nieves in Senators zone.
16:39 of 1st period - Grant Besse is hit by Michael Bournival and loses puck.
16:48 of 1st period - Snap shot by Nick Shore.
16:48 of 1st period - Shot Misses the Net.
16:50 of 1st period - Backhand shot by Alex DeBrincat.
16:50 of 1st period - Stopped by Garret Sparks without a rebound.
16:51 of 1st period - Christoph Bertschy wins face-off versus Joe Snively in Senators zone.
17:13 of 1st period - Oliver Bjorkstrand is hit by Sven Andrighetto and loses puck.
17:44 of 1st period - Jacob De La Rose is hit by Nick Shore and loses puck.
19:04 of 1st period - Backhand shot by Cristoval Nieves.
19:04 of 1st period - Shot Misses the Net.
19:43 of 1st period - Oliver Bjorkstrand is hit by Ivan Provorov and loses puck.
19:58 of 1st period - Michael Bournival is hit by Kevin Rooney and loses puck.
Goals for this period are 2 for Phantoms vs 2 for Senators.
Shots for this period are 12 for Phantoms vs 10 for Senators.
2nd period
0:01 of 2nd period - Jacob De La Rose wins face-off versus Morgan Klimchuk in neutral zone.
0:14 of 2nd period - Snap shot by Grant Besse.
0:14 of 2nd period - Stopped by Anton Forsberg without a rebound.
0:15 of 2nd period - Christoph Bertschy wins face-off versus Alex DeBrincat in Phantoms zone.
0:22 of 2nd period - Snap shot by Zachary Sanford.
0:22 of 2nd period - Stopped by Anton Forsberg without a rebound.
0:23 of 2nd period - Zachary Sanford wins face-off versus Nick Shore in Phantoms zone.
0:24 of 2nd period - Snap shot by Christoph Bertschy.
0:24 of 2nd period - Goal by Christoph Bertschy - Phantoms : 2 - Senators : 3.
0:25 of 2nd period - Christoph Bertschy wins face-off versus Joe Snively in neutral zone.
1:04 of 2nd period - Snap shot by Zachary Sanford.
1:04 of 2nd period - Stopped by Anton Forsberg without a rebound.
1:05 of 2nd period - Nick Shore wins face-off versus Jacob De La Rose in Phantoms zone.
1:05 of 2nd period - Nick Shore is hit by Nikita Nesterov.
1:19 of 2nd period - Slapshot by Alex DeBrincat.
1:19 of 2nd period - Shot Misses the Net.
1:21 of 2nd period - Slapshot by Reid McNeill.
1:21 of 2nd period - Stopped by Garret Sparks without a rebound.
1:22 of 2nd period - Joe Snively wins face-off versus Kevin Rooney in Senators zone.
1:26 of 2nd period - Minor Penalty to Kevin Rooney for Holding.
1:27 of 2nd period - Nick Shore wins face-off versus Christoph Bertschy in Senators zone.
1:27 of 2nd period - Snap shot by Michael Bournival.
1:27 of 2nd period - Shot Misses the Net.
1:29 of 2nd period - Wrist shot by Reid McNeill.
1:29 of 2nd period - Stopped by Garret Sparks without a rebound.
1:30 of 2nd period - Christoph Bertschy wins face-off versus Nick Shore in Senators zone.
2:03 of 2nd period - Slapshot by Ivan Provorov.
2:03 of 2nd period - Shot Misses the Net.
2:05 of 2nd period - Slapshot by Reid McNeill.
2:05 of 2nd period - Shot Blocked by Jacob De La Rose.
2:07 of 2nd period - Slapshot by Ivan Provorov.
2:07 of 2nd period - Stopped by Garret Sparks with a rebound.
2:21 of 2nd period - Christoph Bertschy is hit by Blake Heinrich.
3:26 of 2nd period - Penalty to Kevin Rooney is over, Kevin Rooney is back on ice.
4:19 of 2nd period - Wrist shot by Cristoval Nieves.
4:19 of 2nd period - Stopped by Garret Sparks without a rebound.
4:20 of 2nd period - Michael McCarron wins face-off versus David Kampf in Senators zone.
4:33 of 2nd period - Snap shot by C.J Suess.
4:33 of 2nd period - Shot Blocked by David Kampf.
4:35 of 2nd period - Slapshot by Keegan Lowe.
4:35 of 2nd period - Goal by Keegan Lowe - Phantoms : 2 - Senators : 4.
4:35 of 2nd period - Zachary Fucale enters game.
4:36 of 2nd period - Nick Shore wins face-off versus Christoph Bertschy in neutral zone.
4:45 of 2nd period - Snap shot by Alex DeBrincat.
4:45 of 2nd period - Shot Misses the Net.
4:47 of 2nd period - Slapshot by Nick Shore.
4:47 of 2nd period - Shot Blocked by Jordan Schmaltz.
4:49 of 2nd period - Wrist shot by Blake Heinrich.
4:49 of 2nd period - Shot Misses the Net.
4:51 of 2nd period - Wrist shot by Michael Bournival.
4:51 of 2nd period - Shot Misses the Net.
5:03 of 2nd period - Icing by Jacob De La Rose.
5:04 of 2nd period - Joe Snively wins face-off versus Jacob De La Rose in Senators zone.
5:31 of 2nd period - Slapshot by Joe Snively.
5:31 of 2nd period - Shot Misses the Net.
5:33 of 2nd period - Snap shot by Morgan Klimchuk.
5:33 of 2nd period - Stopped by Garret Sparks with a rebound.
5:35 of 2nd period - Slapshot by Sven Andrighetto.
5:35 of 2nd period - Shot Misses the Net.
5:37 of 2nd period - Wrist shot by Joe Snively.
5:37 of 2nd period - Goal by Joe Snively - Phantoms : 3 - Senators : 4.
5:38 of 2nd period - Christoph Bertschy wins face-off versus Nick Shore in neutral zone.
5:43 of 2nd period - Snap shot by Zachary Sanford.
5:43 of 2nd period - Stopped by Zachary Fucale with a rebound.
5:51 of 2nd period - Wrist shot by Zachary Sanford.
5:51 of 2nd period - Stopped by Zachary Fucale with a rebound.
5:53 of 2nd period - Snap shot by Zachary Sanford.
5:53 of 2nd period - Shot Misses the Net.
5:55 of 2nd period - Wrist shot by Christoph Bertschy.
5:55 of 2nd period - Shot Misses the Net.
6:26 of 2nd period - Wrist shot by Cristoval Nieves.
6:26 of 2nd period - Stopped by Garret Sparks with a rebound.
6:28 of 2nd period - Snap shot by Devon Teows.
6:28 of 2nd period - Stopped by Garret Sparks with a rebound.
6:30 of 2nd period - Slapshot by Blake Heinrich.
6:30 of 2nd period - Shot Blocked by Brendan Perlini.
6:32 of 2nd period - Wrist shot by Nick Sorensen.
6:32 of 2nd period - Phantoms goal is going for a video replay.
6:32 of 2nd period - The goal is good.
6:32 of 2nd period - Goal by Nick Sorensen - Phantoms : 4 - Senators : 4.
6:33 of 2nd period - Nick Shore wins face-off versus Christoph Bertschy in neutral zone.
6:37 of 2nd period - Minor Penalty to Zachary Sanford for Roughing.
6:38 of 2nd period - Nick Shore wins face-off versus Christoph Bertschy in Senators zone.
6:45 of 2nd period - Snap shot by Michael Bournival.
6:45 of 2nd period - Stopped by Garret Sparks with a rebound.
6:47 of 2nd period - Snap shot by Reid McNeill.
6:47 of 2nd period - Stopped by Garret Sparks without a rebound.
6:48 of 2nd period - Christoph Bertschy wins face-off versus Nick Shore in Senators zone.
7:19 of 2nd period - Slapshot by Michael Bournival.
7:19 of 2nd period - Shot Misses the Net.
7:21 of 2nd period - Snap shot by Alex DeBrincat.
7:21 of 2nd period - Stopped by Garret Sparks with a rebound.
7:23 of 2nd period - Snap shot by Nick Shore.
7:23 of 2nd period - Shot Blocked by Jacob De La Rose.
7:25 of 2nd period - Wrist shot by Reid McNeill.
7:25 of 2nd period - Deflect By Christoph Bertschy.
7:25 of 2nd period - Stopped by Garret Sparks with a rebound.
7:27 of 2nd period - Wrist shot by Nick Shore.
7:27 of 2nd period - Shot Misses the Net.
7:29 of 2nd period - Slapshot by Ivan Provorov.
7:29 of 2nd period - Shot Misses the Net.
7:31 of 2nd period - Snap shot by Alex DeBrincat.
7:31 of 2nd period - Stopped by Garret Sparks without a rebound.
7:32 of 2nd period - Christoph Bertschy wins face-off versus Joe Snively in Senators zone.
7:45 of 2nd period - Slapshot by Morgan Klimchuk.
7:45 of 2nd period - Shot Misses the Net.
7:47 of 2nd period - Snap shot by Joe Snively.
7:47 of 2nd period - Deflect By Sven Andrighetto.
7:47 of 2nd period - Shot Misses the Net.
7:47 of 2nd period - Puck is out of play.
7:48 of 2nd period - Joe Snively wins face-off versus Jacob De La Rose in Senators zone.
8:37 of 2nd period - Penalty to Zachary Sanford is over, Zachary Sanford is back on ice.
8:45 of 2nd period - Snap shot by Cristoval Nieves.
8:45 of 2nd period - Shot Blocked by Keegan Lowe.
8:50 of 2nd period - Off-side.
8:51 of 2nd period - Cristoval Nieves wins face-off versus Michael McCarron in neutral zone.
9:40 of 2nd period - Backhand shot by Brendan Perlini.
9:40 of 2nd period - Stopped by Zachary Fucale with a rebound.
9:42 of 2nd period - Wrist shot by Kevin Rooney.
9:42 of 2nd period - Shot Misses the Net.
9:44 of 2nd period - Backhand shot by Jonas Siegenthaler.
9:44 of 2nd period - Shot Blocked by Joe Snively.
9:46 of 2nd period - Wrist shot by Arttu Ruotsalainen.
9:46 of 2nd period - Shot Misses the Net.
9:48 of 2nd period - Wrist shot by Kevin Rooney.
9:48 of 2nd period - Shot Misses the Net.
10:00 of 2nd period - Snap shot by Zachary Sanford.
10:00 of 2nd period - Shot Blocked by Ivan Provorov.
10:02 of 2nd period - Slapshot by Jordan Schmaltz.
10:02 of 2nd period - Stopped by Zachary Fucale without a rebound.
10:03 of 2nd period - Christoph Bertschy wins face-off versus David Kampf in Phantoms zone.
10:06 of 2nd period - Slapshot by Christoph Bertschy.
10:06 of 2nd period - Shot Blocked by Blake Heinrich.
10:20 of 2nd period - Snap shot by David Kampf.
10:20 of 2nd period - Stopped by Garret Sparks with a rebound.
10:52 of 2nd period - Icing by Michael Bournival.
10:53 of 2nd period - Nick Shore wins face-off versus Kevin Rooney in Phantoms zone.
11:38 of 2nd period - Minor Penalty to Nick Shore for Hooking.
11:39 of 2nd period - Christoph Bertschy wins face-off versus Michael Bournival in Phantoms zone.
11:46 of 2nd period - Snap shot by Oliver Bjorkstrand.
11:46 of 2nd period - Stopped by Zachary Fucale with a rebound.
13:38 of 2nd period - Penalty to Nick Shore is over, Nick Shore is back on ice.
14:57 of 2nd period - Brendan Perlini is hit by Alex DeBrincat and loses puck.
15:31 of 2nd period - Minor Penalty to Jordan Schmaltz for High sticking.
15:32 of 2nd period - Christoph Bertschy wins face-off versus Alex DeBrincat in Senators zone.
15:32 of 2nd period - Christoph Bertschy is hit by Michael Bournival.
16:01 of 2nd period - Dmitry Sinitsyn is hit by Joe Snively and loses puck.
16:39 of 2nd period - Minor Penalty to Joe Snively for Roughing.
16:40 of 2nd period - Michael Bournival wins face-off versus Christoph Bertschy in Phantoms zone.
17:31 of 2nd period - Penalty to Jordan Schmaltz is over, Jordan Schmaltz is back on ice.
17:38 of 2nd period - Wrist shot by Grant Besse.
17:38 of 2nd period - Stopped by Zachary Fucale with a rebound.
17:40 of 2nd period - Snap shot by Mason Geertsen.
17:40 of 2nd period - Stopped by Zachary Fucale with a rebound.
17:42 of 2nd period - Slapshot by Mason Geertsen.
17:42 of 2nd period - Shot Blocked by Devon Teows.
17:53 of 2nd period - Icing by Christoph Bertschy.
17:54 of 2nd period - A.J. Greer wins face-off versus Christoph Bertschy in Senators zone.
18:39 of 2nd period - Penalty to Joe Snively is over, Joe Snively is back on ice.
18:50 of 2nd period - Erik Nystrom is hit by Jordan Schmaltz and loses puck.
19:13 of 2nd period - Wrist shot by David Kampf.
19:13 of 2nd period - Shot Misses the Net.
19:15 of 2nd period - Wrist shot by David Kampf.
19:15 of 2nd period - Goal by David Kampf - Phantoms : 5 - Senators : 4.
19:16 of 2nd period - Oliver Bjorkstrand wins face-off versus Nick Shore in neutral zone.
19:43 of 2nd period - Zemgus Girgensons is hit by Devon Teows and loses puck.
Goals for this period are 3 for Phantoms vs 2 for Senators.
Shots for this period are 16 for Phantoms vs 12 for Senators.
3rd period
0:01 of 3rd period - Christoph Bertschy wins face-off versus Nick Shore in neutral zone.
0:01 of 3rd period - Christoph Bertschy is hit by Michael Bournival.
0:07 of 3rd period - Snap shot by Michael Bournival.
0:07 of 3rd period - Stopped by Garret Sparks without a rebound.
0:08 of 3rd period - Christoph Bertschy wins face-off versus Nick Shore in Senators zone.
0:28 of 3rd period - Ivan Provorov is hit by Christoph Bertschy.
1:22 of 3rd period - Slapshot by Zachary Sanford.
1:22 of 3rd period - Goal by Zachary Sanford - Phantoms : 5 - Senators : 5.
1:23 of 3rd period - Jacob De La Rose wins face-off versus Sven Andrighetto in neutral zone.
2:49 of 3rd period - Wrist shot by Kevin Rooney.
2:49 of 3rd period - Stopped by Zachary Fucale with a rebound.
3:11 of 3rd period - Off-side.
3:12 of 3rd period - Kevin Rooney wins face-off versus David Kampf in neutral zone.
3:17 of 3rd period - Snap shot by Kevin Rooney.
3:17 of 3rd period - Deflect By Brendan Perlini.
3:17 of 3rd period - Shot Misses the Net.
3:17 of 3rd period - Puck is out of play.
3:18 of 3rd period - Kevin Rooney wins face-off versus Nick Shore in Phantoms zone.
3:25 of 3rd period - Wrist shot by Michael Bournival.
3:25 of 3rd period - Stopped by Garret Sparks with a rebound.
3:53 of 3rd period - Snap shot by Morgan Klimchuk.
3:53 of 3rd period - Stopped by Garret Sparks without a rebound.
3:54 of 3rd period - Nick Shore wins face-off versus Christoph Bertschy in Senators zone.
4:21 of 3rd period - Dmitry Sinitsyn is hit by Ivan Provorov.
4:30 of 3rd period - Minor Penalty to Joe Snively for Hooking.
4:31 of 3rd period - Christoph Bertschy wins face-off versus Michael Bournival in Phantoms zone.
5:07 of 3rd period - Slapshot by Dmitry Sinitsyn.
5:07 of 3rd period - Deflect By Zemgus Girgensons.
5:07 of 3rd period - Stopped by Zachary Fucale with a rebound.
5:58 of 3rd period - Nikita Nesterov is hit by Blake Heinrich and loses puck.
6:30 of 3rd period - Penalty to Joe Snively is over, Joe Snively is back on ice.
6:36 of 3rd period - Icing by Ivan Provorov.
6:37 of 3rd period - Cristoval Nieves wins face-off versus Kevin Rooney in Phantoms zone.
6:44 of 3rd period - Snap shot by Brendan Perlini.
6:44 of 3rd period - Shot Hit the Post.
7:02 of 3rd period - Snap shot by Oliver Bjorkstrand.
7:02 of 3rd period - Shot Misses the Net.
7:04 of 3rd period - Snap shot by Oliver Bjorkstrand.
7:04 of 3rd period - Shot Misses the Net.
7:06 of 3rd period - Slapshot by Keegan Lowe.
7:06 of 3rd period - Shot Misses the Net.
7:08 of 3rd period - Slapshot by Nikita Nesterov.
7:08 of 3rd period - Shot Blocked by Cristoval Nieves.
8:00 of 3rd period - Minor Penalty to C.J Suess for Hooking.
8:01 of 3rd period - Nick Shore wins face-off versus Christoph Bertschy in Senators zone.
8:09 of 3rd period - Snap shot by Nick Shore.
8:09 of 3rd period - Stopped by Garret Sparks without a rebound.
8:10 of 3rd period - Nick Shore wins face-off versus Christoph Bertschy in Senators zone.
8:29 of 3rd period - Slapshot by Nick Shore.
8:29 of 3rd period - Shot Blocked by Dmitry Sinitsyn.
8:31 of 3rd period - Wrist shot by Michael Bournival.
8:31 of 3rd period - Stopped by Garret Sparks without a rebound.
8:32 of 3rd period - Christoph Bertschy wins face-off versus Joe Snively in Senators zone.
10:00 of 3rd period - Penalty to C.J Suess is over, C.J Suess is back on ice.
10:33 of 3rd period - David Kampf is hit by C.J Suess and loses puck.
10:54 of 3rd period - Icing by Brendan Leipsic.
10:55 of 3rd period - Jacob De La Rose wins face-off versus David Kampf in Phantoms zone.
11:11 of 3rd period - Icing by Brenden Kichton.
11:12 of 3rd period - Christoph Bertschy wins face-off versus David Kampf in Phantoms zone.
11:38 of 3rd period - David Kampf is hit by Brendan Perlini and loses puck.
11:49 of 3rd period - Snap shot by Brendan Leipsic.
11:49 of 3rd period - Stopped by Garret Sparks with a rebound.
12:01 of 3rd period - Backhand shot by Zemgus Girgensons.
12:01 of 3rd period - Stopped by Zachary Fucale without a rebound.
12:02 of 3rd period - Nick Shore wins face-off versus Jacob De La Rose in Phantoms zone.
12:15 of 3rd period - Snap shot by Keegan Lowe.
12:15 of 3rd period - Deflect By Grant Besse.
12:15 of 3rd period - Stopped by Zachary Fucale with a rebound.
12:17 of 3rd period - Slapshot by Keegan Lowe.
12:17 of 3rd period - Stopped by Zachary Fucale with a rebound.
12:19 of 3rd period - Slapshot by Jacob De La Rose.
12:19 of 3rd period - Stopped by Zachary Fucale with a rebound.
12:36 of 3rd period - Off-side.
12:37 of 3rd period - Christoph Bertschy wins face-off versus Joe Snively in neutral zone.
13:12 of 3rd period - Slapshot by Dmitry Sinitsyn.
13:12 of 3rd period - Shot Blocked by Nick Shore.
14:28 of 3rd period - Slapshot by Devon Teows.
14:28 of 3rd period - Stopped by Garret Sparks with a rebound.
14:30 of 3rd period - Backhand shot by Blake Heinrich.
14:30 of 3rd period - Goal by Blake Heinrich - Phantoms : 6 - Senators : 5.
14:31 of 3rd period - Alex DeBrincat wins face-off versus Christoph Bertschy in neutral zone.
14:34 of 3rd period - Oliver Bjorkstrand is hit by Ivan Provorov and loses puck.
15:03 of 3rd period - Mikko Lehtonen is hit by Oliver Bjorkstrand.
15:17 of 3rd period - Slapshot by Christoph Bertschy.
15:17 of 3rd period - Goal by Christoph Bertschy - Phantoms : 6 - Senators : 6.
15:18 of 3rd period - Kevin Rooney wins face-off versus Cristoval Nieves in neutral zone.
15:26 of 3rd period - Snap shot by Erik Nystrom.
15:26 of 3rd period - Shot Misses the Net.
15:28 of 3rd period - Slapshot by Ivan Provorov.
15:28 of 3rd period - Stopped by Garret Sparks with a rebound.
15:30 of 3rd period - Slapshot by Erik Nystrom.
15:30 of 3rd period - Stopped by Garret Sparks without a rebound.
15:31 of 3rd period - Christoph Bertschy wins face-off versus Erik Nystrom in Senators zone.
16:03 of 3rd period - Minor Penalty to Dmitry Sinitsyn for Hooking.
16:04 of 3rd period - Nick Shore wins face-off versus Christoph Bertschy in Senators zone.
16:07 of 3rd period - Wrist shot by Nick Shore.
16:07 of 3rd period - Goal by Nick Shore - Phantoms : 7 - Senators : 6.
16:08 of 3rd period - Cristoval Nieves wins face-off versus Kevin Rooney in neutral zone.
16:33 of 3rd period - Christoph Bertschy is hit by Morgan Klimchuk and loses puck.
17:02 of 3rd period - Ivan Provorov is hit by Keegan Lowe and loses puck.
17:25 of 3rd period - Wrist shot by David Kampf.
17:25 of 3rd period - Stopped by Garret Sparks with a rebound.
17:27 of 3rd period - Snap shot by Brendan Leipsic.
17:27 of 3rd period - Shot Misses the Net.
17:33 of 3rd period - Minor Penalty to Zachary Sanford for Slashing.
17:34 of 3rd period - Christoph Bertschy wins face-off versus Nick Shore in Senators zone.
17:53 of 3rd period - Dmitry Sinitsyn is hit by Michael Bournival and loses puck.
18:28 of 3rd period - Snap shot by Kevin Rooney.
18:28 of 3rd period - Stopped by Zachary Fucale with a rebound.
18:50 of 3rd period - Slapshot by Nikita Nesterov.
18:50 of 3rd period - Shot Blocked by Devon Teows.
18:53 of 3rd period - Icing by Blake Heinrich.
18:54 of 3rd period - Christoph Bertschy wins face-off versus Nick Shore in Phantoms zone.
19:19 of 3rd period - Wrist shot by Morgan Klimchuk.
19:19 of 3rd period - Stopped by Garret Sparks without a rebound.
19:20 of 3rd period - Mario Lemieux call a timeout for Senators.
19:20 of 3rd period - Joe Snively wins face-off versus Christoph Bertschy in Senators zone.
19:33 of 3rd period - Penalty to Zachary Sanford is over, Zachary Sanford is back on ice.
19:37 of 3rd period - Reid McNeill is hit by Zachary Sanford and loses puck.
19:54 of 3rd period - Wrist shot by Morgan Klimchuk.
19:54 of 3rd period - Stopped by Garret Sparks without a rebound.
19:55 of 3rd period - Christoph Bertschy wins face-off versus Nick Shore in Senators zone.
Goals for this period are 2 for Phantoms vs 2 for Senators.
Shots for this period are 14 for Phantoms vs 9 for Senators.